 Dungeon Crawl Stone Soup version 0.29-a0-1065-g47a6bb87d6 (webtiles) character file.

Game seed: 16085170141662264215

0 siradein the Grave Robber (level 1, 0/13 HPs)
             Began as a Demonspawn Necromancer on Aug 18, 2022.
             Slain by a jackal (3 damage)
             ... on level 1 of the Dungeon.
             The game lasted 00:00:11 (62 turns).

siradein the Grave Robber (Demonspawn Necromancer)    Turns: 62, Time: 00:00:12

Health: 0/13       AC:  2    Str:  8    XL:     1   Next: 8%
Magic:  1/3        EV: 12    Int: 16    God:
Gold:   12         SH:  0    Dex: 13    Spells: 3/4 levels left

rFire   . . .      SeeInvis .   (no weapon)
rCold   . . .      Faith    .   (no shield)
rNeg    . . .      Spirit   .   a - +0 robe
rPois   .          Reflect  .   (no helmet)
rElec   .          Harm     .   (no cloak)
rCorr   .          Rampage  .   (no gloves)
Will    .....                   (no boots)
Stlth   ++........              (no amulet)
HPRegen 0.04/turn               (no ring)
MPRegen 0.08/turn               (no ring)

@: no status effects
A: no striking features
a: no special abilities


You were on level 1 of the Dungeon.
You visited 1 branch of the dungeon, and saw 1 of its levels.

You collected 12 gold pieces.

Inventory:

Armour
 a - a +0 robe (worn)
Potions
 b - a potion of magic


   Skills:
 - Level 1.7 Dodging
 - Level 1.7 Stealth
 + Level 2.0 Spellcasting
 + Level 4.4 Necromancy


You had 3 spell levels left.
You knew the following spells:

 Your Spells              Type           Power      Damage    Failure   Level
a - Necrotise             Necr           60%        1d7       3%          1

Your spell library contained the following spells:

 Spells                   Type           Power      Damage    Failure   Level
 Vampiric Draining        Necr           15%        2d7       11%         3
 Ignite Poison            Fire/Tmut/Pois 1%         N/A       52%         3
 Animate Dead             Necr           15%        N/A       34%         4
 Agony                    Necr           15%        N/A       67%         5
 Starburst                Conj/Fire      0%         6d3       100%        6


Dungeon Overview and Level Annotations

Branches:
Dungeon (1/15)

Altars:


Message History

You hit the jackal but do no damage. The jackal barely misses you. x2
You hit the jackal but do no damage.
Your kobold skeleton hits the jackal.
The jackal closely misses you.
You hit the jackal but do no damage.
The jackal is moderately wounded.
The jackal bites you but does no damage.
Your kobold skeleton hits the jackal.
You closely miss the jackal.
The jackal is heavily wounded.
The jackal misses you.
The jackal barely misses your kobold skeleton.
The jackal bites you.
Your kobold skeleton misses the jackal.
You hit the jackal.
The jackal is severely wounded.
The jackal barely misses you. The jackal bites your kobold skeleton.
The jackal barely misses your kobold skeleton.
You closely miss the jackal.
The jackal is severely wounded.
The jackal bites your kobold skeleton. x2
Your kobold skeleton is destroyed!
The dart slug bites you.
You closely miss the jackal. The dart slug launches a dart at you.
The slug dart misses you.
You hit the jackal.
The jackal is almost dead.
The jackal bites you but does no damage. x2
The dart slug launches a dart at you. The slug dart hits you.
You are too injured to fight recklessly!
You barely miss the jackal.
The jackal is almost dead.
The jackal misses you. The jackal bites you. The jackal barely misses you. x2
The jackal attacks as you move away! The jackal barely misses you. x2
The jackal closely misses you.
There is a stone staircase leading down here.
The jackal bites you.
* * * LOW HITPOINT WARNING * * *
The jackal bites you.
You die...

≈≈## ≈≈≈# ~≈≈# #≈≈≈# ##≈≈#
# #≈############## #
###...........# #.. #
#...........#####.....
######..........@hhh..)....
.................h.w.......
######.....................
###########...........
#........... #..)........
#..........! ######+###..


You could see a dart slug and 4 jackals.

Vanquished Creatures
  A kobold (D:1)
1 creature vanquished.

Notes
Turn   | Place    | Note
-------+----------+-------------------------------------------
     0 | D:1      | siradein the Demonspawn Necromancer began the quest for the
                  | Orb.
     0 | D:1      | Reached XP level 1. HP: 13/13 MP: 3/3
    24 | D:1      | Got the Lectures on Combative Filth
    62 | D:1      | Slain by a jackal

Illustrated notes

Levels and vault maps discovered:
D:1:      lemuel_arrival_river_ford, layout_basic

Action                   || total
-------------------------++-------
Melee: Unarmed           ||     9
 Cast: Necrotise         ||     3
Armor: Robe              ||     3
Dodge: Dodged            ||    12

Table legend: (Time is in decaauts)
 A = Elapsed time spent in this place.
 B = Non-inter-level travel time spent in this place.
 C = Inter-level travel time spent in this place.
 D = Time resting spent in this place.
 E = Time spent auto-exploring this place.
 F = Levels seen in this place.
 G = Mean time per level.
                   A        B        C        D        E       F      G
               +--------+--------+--------+--------+--------+-----+--------+
         Total |     63 |     63 |      0 |      0 |     42 |   1 |   63.0 |
       Dungeon |     63 |     63 |      0 |      0 |     42 |   1 |   63.0 |
               +--------+--------+--------+--------+--------+-----+--------+

Top non-repeatable levels by time:
     D:1: 63 daAuts
